AoeStats
← luisdelpinal

African Clearing

510625477Analyzed
3v3 RM · 2d ago on Oct 1, 2026· 43m 30s· 6 players
Game mode
Random Map
Map size
Normal (6 player)
Population
200
Speed
Normal
Resources
Standard
Victory
Conquest
Starting age
Dark Age
Ending age
Imperial Age
RankedLock teamsTeams togetherTeam positionsShared explorationLock speedFull tech treeHidden civsTurbo modeCheats
Victory
Defeat
🇪🇸 Japanese · Spain
1256
+17
🇪🇸 Varangians · Spain
1216
+19
🇪🇸 Huns · Spain
1196
+19
🇮🇳 Italians · India
1401
-23
1241
-17
🇮🇳 Shu · India
1182
-15
[T41] Indian War Lord
4:29 Loom
12:23 Feudal Age
12:59 Double-Bit Axe
13:46 Horse Collar
14:51 Forging
15:07 Scale Barding Armor
24:45 Castle Age
25:06 Wheelbarrow
27:12 Hand Cart
33:13 Fletching
33:56 Bodkin Arrow
37:49 Bloodlines
40:24 Iron Casting
40:25 Chain Barding Armor
41:55 Town Watch
42:36 Husbandry
MahaDeV
4:20 Loom
14:20 Feudal Age
20:51 Castle Age
20:19 Double-Bit Axe
22:04 Fletching
22:55 Wheelbarrow
29:57 Horse Collar
32:01 Crossbowman
38:07 Imperial Age
37:00 Bodkin Arrow
38:27 Gold Mining
39:10 Conscription
39:33 Ballistics
39:58 Bow Saw
40:25 Gold Shaft Mining
40:04 Thumb Ring
40:00 Bracer
Sanskari Ladka
4:55 Loom
13:13 Feudal Age
20:36 Double-Bit Axe
25:41 Castle Age
25:31 Fletching
25:42 Padded Archer Armor
26:05 Crossbowman
28:00 Bodkin Arrow
34:17 Wheelbarrow
luisdelpinal
13:15 Feudal Age
11:31 Loom
20:25 Castle Age
27:46 Bloodlines
29:48 Fletching
30:19 Padded Archer Armor
31:21 Bodkin Arrow
32:38 Leather Archer Armor
35:36 Husbandry
38:49 Wheelbarrow
38:53 Ballistics
39:11 Thumb Ring
alvaroninosampe
4:48 Loom
13:38 Feudal Age
14:21 Town Watch
21:24 Castle Age
26:40 Gold Mining
36:00 Imperial Age
36:19 Ballistics
38:00 Fletching
39:20 Gold Shaft Mining
41:16 Forging
41:56 Conscription
43:33 Bodkin Arrow
danielninosampe
3:07 Loom
14:19 Feudal Age
14:29 Man-at-Arms
17:52 Fletching
27:58 Castle Age
26:41 Forging
27:13 Scale Mail Armor
26:59 Arson
29:33 Squires
30:22 Iron Casting
30:11 Gambesons
Connection lost

Rejoining the realm…

Still unreachable

The connection could not be restored.

Session expired

The server has moved on; the page needs a fresh start.